 Dungeon Crawl Stone Soup version 0.30-b1-2-g02819fbbbe (webtiles) character file.

Game seed: 8019446008942115562

5646 raph the Geomancer (level 10, 0/59 HPs)
             Began as a Gargoyle Earth Elementalist on May 19, 2023.
             Was a High Priest of Sif Muna.
             Slain by a yak (12 damage)
             ... on level 8 of the Dungeon.
             The game lasted 00:21:20 (13132 turns).

raph the Geomancer (Gargoyle Earth Elementalist)   Turns: 13132, Time: 00:21:21

Health: 0/59       AC: 14    Str: 14    XL:     10   Next: 74%
Magic:  2/17       EV: 11    Int: 31    God:    Sif Muna [*****.]
Gold:   130        SH:  5    Dex: 10    Spells: 5/19 levels left

rFire   . . .        a - +3 dagger (venom)
rCold   . . .        h - +0 buckler
rNeg    + . .        d - +0 robe
rPois   ∞            i - +1 helmet {Int+3}
rElec   +            E - +1 cloak {Will+}
rCorr   .            (no gloves)
SInv    .            w - +0 pair of boots
Will    +....        m - amulet "Ruithiom" {Faith +Inv Str-4 Int+8}
Stlth   ++           l - +6 ring of strength
HPRegen 0.29/turn    G - ring of wizardry
MPRegen 0.15/turn

%: faith, wizardry (x1)
@: no status effects
A: sickness immunity, AC +7, negative energy resistance 1, electricity
resistance, torment resistance 1, petrification resistance
a: Renounce Religion, Evoke Invisibility, Channel Magic, Forget Spell, Divine
Exegesis


You were on level 8 of the Dungeon.
You worshipped Sif Muna.
Sif Muna was extremely pleased with you.
You visited 1 branch of the dungeon, and saw 9 of its levels.
You also visited: Sewer and Ossuary.

You collected 562 gold pieces.
You spent 432 gold pieces at shops.

Inventory:

Hand Weapons
 a - a +3 dagger of venom (weapon)
 p - a +0 rapier
 t - a +0 broad axe
Missiles
 k - 18 poisoned darts
 A - 2 silver javelins
Armour
 d - a +0 robe (worn)
 h - a +0 buckler (worn)
 i - a +1 helmet of intelligence (worn)
 w - a +0 pair of boots (worn)
 E - a +1 cloak of willpower (worn)
Jewellery
 l - a +6 ring of strength (left hand)
 m - the amulet "Ruithiom" (around neck) {Faith +Inv Str-4 Int+8}
   (You took it off a kobold on level 3 of the Dungeon)

   [amulet of faith]

   It allows you to gain divine favour quickly.
   Str:       It affects your strength (-4).
   Int:       It affects your intelligence (+8).
   +Inv:      It lets you turn invisible.
 q - a ring of fire
 x - a ring of willpower
 G - a ring of wizardry (right hand)
Wands
 y - a wand of roots (16)
 D - a wand of charming (3)
Scrolls
 b - a scroll of fog
 f - 4 scrolls of butterflies
 n - a scroll of identify
 o - 2 scrolls of amnesia
 u - a scroll of magic mapping
 z - a scroll of fear
 F - a scroll of teleportation
Potions
 c - 5 potions of heal wounds
 e - a potion of flight
 g - a potion of curing
 j - 3 potions of resistance
 r - 5 potions of attraction
 s - 8 potions of haste
 v - 3 potions of invisibility
 B - a potion of magic
 C - a potion of brilliance
 H - a potion of ambrosia


   Skills:
 + Level 5.2 Fighting
 + Level 2.3 Dodging
 - Level 2.1 Stealth
 - Level 6.0 Shields
 + Level 5.2 Spellcasting
 + Level 6.3 Conjurations
 + Level 3.1 Summonings
 - Level 0.7 Transmutations
 * Level 10.8 Earth Magic
 * Level 6.2 Invocations
 + Level 1.6 Evocations


You had 5 spell levels left.
You knew the following spells:

 Your Spells              Type           Power      Damage    Failure   Level
a - Sandblast             Erth           100%       2d20      1%          1
b - Passwall              Tmut/Erth      35%        N/A       1%          2
c - Stone Arrow           Conj/Erth      100%       3d13      1%          3
d - Petrify               Tmut/Erth      43%        N/A       2%          4
e - Animate Armour        Summ/Erth      100%       N/A       1%          4

Your spell library contained the following spells:

 Spells                   Type           Power      Damage    Failure   Level
 Beastly Appendage        Tmut           24%        N/A       1%          1
 Static Discharge         Conj/Air       54%        2-5/arc   1%          2
 Apportation              Tloc           16%        N/A       2%          1
 Wereblood                Tmut           12%        N/A       3%          2
 Ensorcelled Hibernation  Hex/Ice        16%        N/A       4%          2
 Spider Form              Tmut/Pois      10%        N/A       8%          3
 Swiftness                Air            8%         N/A       9%          3
 Summon Lightning Spire   Summ/Air       17%        N/A       14%         4
 Airstrike                Air            4%         2d(1-17)  26%         4
 Summon Forest            Summ/Tloc      8%         N/A       36%         5
 Summon Mana Viper        Hex/Summ       17%        N/A       36%         5
 Blade Hands              Tmut           6%         N/A       45%         5
 Alistair's Intoxication  Tmut/Pois      6%         N/A       52%         5
 Iron Shot                Conj/Erth      28%        9d6       12%         6
 Conjure Ball Lightning   Conj/Air       13%        3x3d6     71%         6
 Summon Cactus Giant      Summ           13%        N/A       71%         6
 Discord                  Hex            4%         N/A       100%        8
 Disjunction              Tloc           4%         N/A       100%        8


Dungeon Overview and Level Annotations

Branches:
Dungeon (9/15)             Temple (0/1) D:4           Sewer (visited)
Ossuary (visited)
   Lair: D:8-11         Orc: D:9-12

Altars:
Fedhas
Gozag
Nemelex Xobeh
Sif Muna

Shops:
D:1 :   D:5 [


Innate Abilities, Weirdness & Mutations

You are immune to sickness and miasma.
Your stone body is resilient. (AC +7)
You are immune to poison.
You resist negative energy. (rN+)
You are resistant to electric shocks. (rElec)
You are resistant to unholy torment.
You are immune to petrification.


Message History

The yak is moderately wounded.
The yak gores you.
Casting: Stone Arrow (safe; 1% risk of failure)
Confirm with . or Enter, or press ? or * to list all spells.
Aiming: Stone Arrow (safe; 1% risk of failure)
Press: ? - help, Shift-Dir - straight line, f - yak
Aim: a yak (heavily wounded, extremely poisoned, 87% to hit)
The stone arrow hits the yak!!
You kill the yak!
Sif Muna accepts your kill.
Casting: Stone Arrow (safe; 1% risk of failure)
Confirm with . or Enter, or press ? or * to list all spells.
Aiming: Stone Arrow (safe; 1% risk of failure)
Press: ? - help, Shift-Dir - straight line, f - yak
Aim: a yak (87% to hit)
The stone arrow hits the yak!
The yak is moderately wounded.
The yak gores you!
Casting: Stone Arrow (safe; 1% risk of failure)
Confirm with . or Enter, or press ? or * to list all spells.
Aiming: Stone Arrow (safe; 1% risk of failure)
Press: ? - help, Shift-Dir - straight line, f/p - yak
Aim: a yak (moderately wounded, 87% to hit)
The stone arrow hits the yak!!
The yak is almost dead.
The yak gores you.
You completely miss the yak.
The yak is almost dead.
The yak barely misses you.
You closely miss the yak.
The yak is almost dead.
The yak gores you!
* * * LOW HITPOINT WARNING * * *
The yak attacks as you move away! The yak gores you.
* * * LOW HITPOINT WARNING * * *
Casting: Stone Arrow (safe; 1% risk of failure)
Confirm with . or Enter, or press ? or * to list all spells.
You don't have enough magic to cast this spell.
The yak attacks as you move away! The yak gores you!
You die...

......)...........'............>#
.#............#...##.........##)#
##....#########...##............#
##....##############..........#.#
..............# #....).....#.#
##........###.# #.............
......###.....######†........##.#
......# ####........###########.#
....### #....@Y..# #.# ....#
#........### ### ###.# ....#
#...##.###.###.###.##. ....#
##..#...............#. ....#
##...##.###.###.##.). #####
###.#...........#.## #
############...##.###.##...## #
#.....#....#.#.#.......#.#.## #
#.....#......#...##.##...#..#


You could see a yak.

Vanquished Creatures
  Maurice (D:8)
  A troll (D:8)
  A hornet (D:7)
  10 yaks
  Edmund (D:5)
  Menkaure (D:7)
  A water moccasin (D:7)
  An ice beast (D:7)
  2 orc warriors
  A sky beast (D:6)
  2 ogres
  3 centaurs (D:8)
  A phantom (D:6)
  2 bullfrogs
  A gnoll sergeant (D:7)
  5 scorpions
  4 wights (D:8)
  3 killer bees (D:8)
  6 jellies
  4 human zombies (Ossuary)
  9 orc priests
  A hound (D:7)
  2 sleepcaps
  3 iguanas
  9 orc wizards
  A hound zombie (Ossuary)
  4 mummies (Ossuary)
  15 gnolls
  3 adders
  A river rat (D:6)
  2 white imps (D:7)
  3 ufetubi
  2 adder zombies (Ossuary)
  5 dart slugs
  30 orcs
  18 ball pythons
  14 endoplasms
  12 giant cockroaches
  35 goblins
  26 hobgoblins
  8 jackals
  3 quokkas
  7 bats
  5 frilled lizards
  A jackal zombie (Ossuary)
  12 kobolds
  A kobold zombie (Ossuary)
  3 orc zombies (Ossuary)
  9 rats
295 creatures vanquished.

Vanquished Creatures (others)
  5 fungi
5 creatures vanquished.

Grand Total: 300 creatures vanquished

Notes
Turn   | Place    | Note
-------+----------+-------------------------------------------
     0 | D:1      | raph the Gargoyle Earth Elementalist began the quest for
                  | the Orb.
     0 | D:1      | Reached XP level 1. HP: 10/10 MP: 3/3
    67 | D:1      | Reached skill level 4 in Earth Magic
   102 | D:1      | Found Nah Xeabergh's Book Boutique.
   154 | D:1      | Reached XP level 2. HP: 15/15 MP: 1/5
   471 | D:1      | Found a faded altar of an unknown god.
   661 | D:1      | Reached XP level 3. HP: 19/19 MP: 4/6
   664 | D:1      | Learned a level 2 spell: Passwall
   668 | D:1      | Learned a level 3 spell: Stone Arrow
  1008 | D:1      | Reached skill level 5 in Earth Magic
  1333 | D:2      | Reached skill level 1 in Shields
  1478 | D:2      | Reached skill level 1 in Conjurations
  1792 | D:2      | Reached XP level 4. HP: 24/24 MP: 3/7
  2152 | D:3      | Found a shimmering blue altar of Sif Muna.
  2159 | D:3      | Became a worshipper of Sif Muna the Loreminder
  2445 | D:3      | Found a blossoming altar of Fedhas.
  2610 | D:3      | Identified the amulet "Ruithiom" {Faith +Inv Str-4 Int+8}
  3077 | D:3      | Reached * piety under Sif Muna
  3092 | D:3      | Reached XP level 5. HP: 28/28 MP: 0/8
  3843 | D:3      | Reached ** piety under Sif Muna
  4096 | D:3      | Reached skill level 1 in Invocations
  4272 | D:3      | Reached XP level 6. HP: 27/32 MP: 0/9
  4565 | D:4      | Found a sand-covered staircase.
  4573 | Ossuary  | Entered an ossuary
  4594 | Ossuary  | Reached skill level 6 in Earth Magic
  5021 | D:4      | Reached XP level 7. HP: 36/36 MP: 6/10
  5210 | D:4      | Learned a level 4 spell: Petrify
  5680 | D:4      | Found a staircase to the Ecumenical Temple.
  5967 | D:5      | Entered Level 5 of the Dungeon
  6264 | D:5      | Reached skill level 7 in Earth Magic
  6298 | D:5      | Found an opulent altar of Gozag.
  6300 | D:5      | Reached skill level 1 in Fighting
  6453 | D:5      | Found Koradop's Armour Boutique.
  6517 | D:5      | Noticed Edmund
  6539 | D:5      | Killed Edmund
  6702 | D:5      | Reached XP level 8. HP: 43/43 MP: 5/12
  7393 | D:6      | Reached *** piety under Sif Muna
  7475 | D:6      | Found a glowing drain.
  7479 | Sewer    | Entered a sewer
  7767 | Sewer    | Found a viscous altar of Jiyva.
  7792 | Sewer    | Reached **** piety under Sif Muna
  7793 | Sewer    | Reached skill level 8 in Earth Magic
  8261 | D:1      | Bought a book of Iron for 432 gold pieces
  9146 | D:6      | Reached XP level 9. HP: 50/50 MP: 7/14
  9151 | D:6      | Learned a level 4 spell: Animate Armour
  9413 | D:7      | Reached skill level 5 in Shields
  9790 | D:7      | Reached skill level 9 in Earth Magic
  9809 | D:7      | Noticed Menkaure
  9814 | D:7      | Killed Menkaure
  9815 | D:7      | Reached skill level 5 in Conjurations
  9815 | D:7      | Reached skill level 1 in Summonings
 10078 | D:7      | Noticed a hornet
 10081 | D:7      | Killed a hornet
 10180 | D:7      | Found a sparkling altar of Nemelex Xobeh.
 10984 | D:8      | Noticed Maurice
 11000 | D:8      | Killed Maurice
 11000 | D:8      | Reached ***** piety under Sif Muna
 11001 | D:8      | Reached skill level 5 in Invocations
 11254 | D:8      | Reached skill level 10 in Earth Magic
 11254 | D:8      | Reached XP level 10. HP: 58/58 MP: 12/16
 11265 | D:8      | Received a gift from Sif Muna
 12616 | D:8      | Reached skill level 5 in Spellcasting
 12616 | D:8      | Reached skill level 1 in Evocations
 12929 | D:8      | Reached skill level 5 in Fighting
 13132 | D:8      | Slain by a yak

Illustrated notes

Levels and vault maps discovered:
D:1:      dpeg_arrival_yet_another_circle, layout_basic, serial_shops, shop,
          hellmonk_ecumenical_altar_pennies_from_heaven, dk_noncrumbling_3,
          minmay_misc_feat_tower, chequers_serial_rivers_micro_d,
          minmay_pentomino_s4
D:2:      layout_basic, minmay_misc_feat_doors
D:3:      minmay_goblin_kobold_castle, layout_loops_ring, fedhas_altar_3,
          lemuel_round_altar, grunt_decor_resistance,
          chequers_serial_rivers_micro_e, fountainhead
D:4:      layout_loops_cross, temple_doors_e, nicolae_ossuary_entry_monument,
          serial_bayou_pond_b
D:5:      layout_basic, nicolae_gozag_cash_rules_everything_around_me,
          serial_shops, nicolae_take_the_stairs, uniq_edmund
D:6:      layout_loops_cross, gup_sewer_entry_bowl, kennysheep_generic_room_16
D:7:      layout_basic, lemuel_doored_altar, uniq_menkaure
D:8:      layout_basic, small_statue_intersection,
          nicolae_concentric_dashed_squares_wild, uniq_maurice
D:9:      layout_gridville, minitemple, grunt_lair_entry_orc_guard_hut,
          serial_shops, nicolae_shop_behind_doors

Skill      XL: |  1  2  3  4  5  6  7  8  9 10 |
---------------+-------------------------------+-----
Earth Magic    | 4 5 6 7 8 10 | 10.8
Shields        | 1 2 3 4 5 6 |  6.0
Conjurations   | 1 2 3 4 5 6 |  6.3
Invocations    | 1 2 3 5 6 |  6.2
Fighting       | 1 3 4 5 |  5.2
Spellcasting   | 3 4 5 |  5.2
Summonings     | 2 3 |  3.1
Evocations     | 1 |  1.6
Dodging        | 2 |  2.3
Stealth        | |  2.1
Transmutations | |  0.7

Action                     |  1- 3 |  4- 6 |  7- 9 | 10-12 || total
---------------------------+-------+-------+-------+-------++-------
  Melee: Dagger            |    13 |    44 |    31 |    31 ||   119
  Throw: Dart              |       |       |       |     5 ||     5
   Cast: Sandblast         |    56 |    94 |    61 |    13 ||   224
         Stone Arrow       |     3 |    26 |    99 |    50 ||   178
         Petrify           |       |       |     7 |     1 ||     8
         Passwall          |       |       |       |     2 ||     2
 Invoke: Channel Magic     |       |     3 |     1 |       ||     4
    Use: Scroll            |     4 |     8 |     9 |     2 ||    23
         Potion            |       |     2 |       |     1 ||     3
   Stab: Sleeping          |       |     1 |     1 |       ||     2
         Petrified         |       |       |     6 |     3 ||     9
 Armour: Robe              |     9 |    72 |    18 |    44 ||   143
  Dodge: Dodged            |    12 |    77 |    29 |    50 ||   168
  Block: Buckler           |     1 |    32 |     9 |    23 ||    65
